 Dungeon Crawl Stone Soup version 0.25.0-1-g7eea58d2a3 (webtiles) character file.

Game seed: 7846398751996292418

192 McIrco the Sneak (level 5, 0/35 HPs)
             Began as a Vampire Enchanter on June 13, 2020.
             Slain by an adder (2 damage)
             ... on level 3 of the Dungeon.
             The game lasted 00:07:58 (45922 turns).

McIrco the Sneak (Vampire Enchanter)               Turns: 45922, Time: 00:07:58

Health: 0/35       AC:  3    Str: 13    XL:     5   Next: 42%
Magic:  2/8        EV: 13    Int: 17    God:
Gold:   59         SH:  0    Dex: 16    Spells: 6/9 levels left

rFire    . . .     SeeInvis +   a - +1 dagger
rCold    . . .     Gourm    .   (no shield)
rNeg     . . .     Faith    .   b - +0 robe
rPois    .         Spirit   .   (no helmet)
rElec    .         Reflect  .   (no cloak)
rCorr    .         Harm     .   h - +0 pair of gloves
MR       .....                  (no boots)
Stlth    ++++......             (no amulet)
HPRegen  0.31/turn              c - +6 ring of strength
MPRegen  0.11/turn              (no ring)

@: lethally poisoned (0 -> -8), regenerating quickly
A: no food, fangs 3, see invisible, unbreathing
a: Exsanguinate


You were on level 3 of the Dungeon.
You were alive.

You visited 1 branch of the dungeon, and saw 3 of its levels.

You collected 59 gold pieces.

Inventory:

Hand Weapons
 a - a +1 dagger (weapon)
Armour
 b - a +0 robe (worn)
 h - a +0 pair of gloves (worn)
Jewellery
 c - a +6 ring of strength (left hand)
Wands
 m - a wand of digging (3)
Scrolls
 d - a scroll of enchant armour {unknown}
 e - 6 scrolls of identify {unknown}
 f - 3 scrolls of remove curse {unknown}
 g - 2 scrolls of amnesia {unknown}
 i - a scroll of magic mapping {unknown}
 j - a scroll of immolation {unknown}
 k - a scroll of teleportation {unknown}
 l - a scroll of fog {unknown}


   Skills:
 + Level 0.1 Fighting
 + Level 2.5 Short Blades
 + Level 2.6 Dodging
 * Level 7.4 Stealth
 + Level 2.5 Spellcasting
 + Level 4.9 Hexes
 + Level 1.0 Ice Magic


You had 6 spell levels left.
You knew the following spells:

 Your Spells              Type           Power        Failure   Level  Hunger
a - Corona                Hex            ###....      2%          1    N/A
b - Ensorcelled Hibernat  Hex/Ice        ##....       9%          2    N/A

Your spell library contained the following spells:

 Spells                   Type           Power        Failure   Level  Hunger
 Confusing Touch          Hex            ###.....     7%          3    N/A
 Tukima's Dance           Hex            ###.....     7%          3    N/A
 Dazzling Flash           Conj/Hex       ##....       21%         3    N/A

Dungeon Overview and Level Annotations

Branches:
Dungeon (3/15)

Altars:


Innate Abilities, Weirdness & Mutations

You do not eat.
Your natural rate of healing is unusually fast.
You have razor-sharp teeth.
You have supernaturally acute eyesight. (SInv)
You can survive without breathing.


Message History

You feel sick. The adder bites you.
Keep bloodletting? [Y]es or [N]o only, please.
Keep bloodletting?
* * * LOW HITPOINT WARNING * * *
The adder barely misses you.
Your magical contamination has completely faded away.
You begin bloodletting.
You continue bloodletting.
* * * LOW HITPOINT WARNING * * *
You feel sick. The adder bites you.
* * * LOW HITPOINT WARNING * * *
You are more poisoned.
The adder poisons you!
You continue bloodletting.
* * * LOW HITPOINT WARNING * * *
You feel sick. The adder barely misses you.
You continue bloodletting.
* * * LOW HITPOINT WARNING * * *
You feel sick. The adder barely misses you. The adder bites you.
You die...

.# #..........#
.# #..?.......#
.# #.........>#
.#
..#........?.#
.#
.............#
..
...#####.###.##
.. .. #S# .# #.
# #S# . ## #@#
#.# #.# #.# #..
##. . .#


You could see 2 adders.

Vanquished Creatures
  An ogre (D:3)
  Ijyb (D:3)
  3 adders
  3 worms
  4 dart slugs (D:1)
  An orc (D:2)
  2 giant cockroaches (D:2)
  8 goblins
  4 hobgoblins
  A quokka (D:2)
  A ball python (D:1)
  2 bats
  2 frilled lizards
  7 kobolds
  3 rats (D:1)
43 creatures vanquished.

Notes
Turn   | Place    | Note
-------+----------+-------------------------------------------
     0 | D:1      | McIrco the Vampire Enchanter began the quest for the Orb.
     0 | D:1      | Reached XP level 1. HP: 13/13 MP: 3/3
 44217 | D:1      | Reached skill level 5 in Stealth
 44292 | D:1      | Reached XP level 2. HP: 12/19 MP: 5/5
 44995 | D:2      | Reached skill level 6 in Stealth
 45005 | D:2      | Reached XP level 3. HP: 15/24 MP: 6/6
 45084 | D:1      | Learned a level 2 spell: Ensorcelled Hibernation
 45248 | D:2      | Found a faded altar of an unknown god.
 45599 | D:2      | Reached XP level 4. HP: 26/30 MP: 0/7
 45776 | D:3      | Noticed Ijyb
 45814 | D:3      | Killed Ijyb
 45814 | D:3      | Reached skill level 7 in Stealth
 45899 | D:3      | Noticed an ogre
 45906 | D:3      | Killed an ogre
 45906 | D:3      | Reached skill level 1 in Ice Magic
 45906 | D:3      | Reached XP level 5. HP: 27/35 MP: 0/8
 45922 | D:3      | Slain by an adder

Illustrated notes

Levels and vault maps discovered:
D:1:      nzn_arrival_crosshair, layout_basic
D:2:      layout_basic, chequers_ecumenical_altar_simple_redux
D:3:      layout_rooms, minmay_misc_feat_four_crosses, minmay_quadrilaterals,
          uniq_ijyb, uniq_natasha, uniq_sigmund

Skill      XL: |  1  2  3  4 |
---------------+-------------+-----
Stealth        | 5 6 7 |  7.4
Short Blades   | 2 |  2.5
Ice Magic      | 1 |  1.0
Fighting       | |  0.1
Dodging        | |  2.6
Spellcasting   | |  2.5
Hexes          | |  4.9

Action                   |  1- 3 |  4- 6 || total
-------------------------+-------+-------++-------
Melee: Dagger            |   138 |    46 ||   184
       Bite              |     8 |     3 ||    11
 Cast: Ensorcelled Hiber |     9 |    10 ||    19
 Abil: Exsanguinate      |       |     1 ||     1
  Use: Potion            |     2 |       ||     2
 Stab: Sleeping          |    17 |     5 ||    22
       Invisible         |     1 |       ||     1
Armor: Robe              |    15 |    11 ||    26
Dodge: Dodged            |    74 |    28 ||   102
